 Dungeon Crawl Stone Soup version 0.29.1-15-g9cfb28693d (webtiles) character file.

Game seed: 1655812295443538585

161 cdecastro the Shooter (level 5, -1/38 HPs)
             Began as a Formicid Hunter on Apr 10, 2023.
             Slain by Terence
             ... wielding a +0 flail
              (8 damage)
             ... on level 3 of the Dungeon on Apr 11, 2023.
             The game lasted 00:03:32 (2196 turns).

cdecastro the Shooter (Formicid Hunter)             Turns: 2196, Time: 00:03:33

Health: -1/38      AC:  3    Str: 17    XL:     5   Next: 70%
Magic:  5/5        EV: 12    Int:  9    God:
Gold:   159        SH:  0    Dex: 17    Spells: 4/4 levels left

rFire   . . .      SeeInvis +   a - +0 shortbow
rCold   . . .      Faith    .   (no shield)
rNeg    . . .      Spirit   .   c - +0 leather armour
rPois   .          Reflect  .   (helmet unavailable)
rElec   .          Harm     .   (no cloak)
rCorr   .          Rampage  .   (no gloves)
Will    .....                   (no boots)
Stlth   ++........              (no amulet)
HPRegen 0.12/turn               g - ring of wizardry
MPRegen 0.09/turn               (no ring)

@: no status effects
A: permanent stasis, dig shafts and tunnels, antennae 3, four strong arms
a: Dig, Shaft Self


You were on level 3 of the Dungeon.
You visited 1 branch of the dungeon, and saw 3 of its levels.

You collected 159 gold pieces.

Inventory:

Hand Weapons
 a - a +0 shortbow (weapon)
Missiles
 i - 4 boomerangs
Armour
 c - a +0 leather armour (worn)
 m - a +0 plate armour
Jewellery
 g - a ring of wizardry (left hand)
 r - a ring of wizardry
Scrolls
 b - a scroll of immolation
 d - 3 scrolls of identify {unknown}
 h - a scroll of blinking {unknown}
 k - a scroll of noise {unknown}
 l - a scroll of enchant armour {unknown}
 o - a scroll of teleportation {unknown}
Potions
 e - a potion of flight {unknown}
 f - a potion of cancellation {unknown}
 j - 3 potions of curing
 n - 2 potions of heal wounds
 p - a potion of haste {unknown}
 q - a potion of berserk rage {unknown}


   Skills:
 - Level 2.1 Fighting
 + Level 6.5 Ranged Weapons
 - Level 1.7 Dodging
 - Level 1.2 Stealth


You had 4 spell levels left.
You didn't know any spells.
Your spell library contained the following spells:

 Spells                   Type           Power      Damage    Failure   Level
 Sublimation of Blood     Necr           0%         N/A       28%         2
 Wereblood                Tmut           0%         N/A       28%         2
 Summon Hydra             Summ           0%         N/A       100%        7


Dungeon Overview and Level Annotations

Branches:
Dungeon (3/15)

Altars:

Annotations:
D:3 Terence


Innate Abilities, Weirdness & Mutations

You cannot be hasted, slowed, berserked, paralysed or teleported.
You can dig through walls and to a lower floor.
You have a pair of large antennae on your head. (SInv)
Your four strong arms can wield two-handed weapons with a shield.


Message History

Press: ? - help, Q - select action, (/) - cycle Shift-Dir - straight line, f/p - Terence
Aim: Terence, wielding a +0 flail and wearing a +0 scale mail (heavily wounded, 68% to hit)
You shoot an arrow.
The arrow hits Terence but does no damage.
Terence is heavily wounded.
Terence barely misses you.
Fire: a) +0 shortbow
Press: ? - help, Q - select action, (/) - cycle Shift-Dir - straight line, f/p - Terence
Aim: Terence, wielding a +0 flail and wearing a +0 scale mail (heavily wounded, 68% to hit)
You shoot an arrow.
The arrow hits Terence but does no damage.
Terence is heavily wounded.
Terence misses you.
Fire: a) +0 shortbow
Press: ? - help, Q - select action, (/) - cycle Shift-Dir - straight line, f/p - Terence
Aim: Terence, wielding a +0 flail and wearing a +0 scale mail (heavily wounded, 68% to hit)
You shoot an arrow. The arrow hits Terence.
Terence is heavily wounded.
Terence closely misses you.
Fire: a) +0 shortbow
Press: ? - help, Q - select action, (/) - cycle Shift-Dir - straight line, f/p - Terence
Aim: Terence, wielding a +0 flail and wearing a +0 scale mail (heavily wounded, 68% to hit)
You shoot an arrow. The arrow barely misses Terence.
Terence hits you with a +0 flail!
* * * LOW HITPOINT WARNING * * *
Fire: a) +0 shortbow
Press: ? - help, Q - select action, (/) - cycle Shift-Dir - straight line, f/p - Terence
Aim: Terence, wielding a +0 flail and wearing a +0 scale mail (heavily wounded, 68% to hit)
You shoot an arrow. The arrow hits Terence.
Terence is severely wounded.
Terence barely misses you. x2
Fire: a) +0 shortbow
Press: ? - help, Q - select action, (/) - cycle Shift-Dir - straight line, f/p - Terence
Aim: Terence, wielding a +0 flail and wearing a +0 scale mail (severely wounded, 68% to hit)
You shoot an arrow.
The arrow hits Terence but does no damage.
Terence is severely wounded.
A kobold comes into view. It is wielding a +1 dagger of speed.
Terence hits you with a +0 flail!
You die...

...... ... ... #.......
##.. ###..#... { ...#
....#.. #.. ##..... ###.
>.... . .... #..# K.. #
###..######..# #
#......@@...# . #
#.....#..######## .. #
..#####..####### ## ...###
#.......... .... ...†..#
###.####### .... .....<.
#..## ###............
...###..####....##..#.....
...........##...#
##....... ..#...........##
#........


You could see Terence and a kobold.

Vanquished Creatures
  Natasha (thrice) (D:2)
  Robin (D:2)
  An adder (D:3)
  A worm (D:2)
  A dart slug (D:3)
  6 endoplasms
  4 giant cockroaches
  10 goblins
  6 hobgoblins
  7 jackals
  2 kobolds
  2 quokkas
  3 ball pythons
  A bat (D:1)
  5 frilled lizards
  3 rats
56 creatures vanquished.

Vanquished Creatures (others)
  A plant (D:2)
1 creature vanquished.

Grand Total: 57 creatures vanquished

Notes
Turn   | Place    | Note
-------+----------+-------------------------------------------
     0 | D:1      | cdecastro the Formicid Hunter began the quest for the Orb.
     0 | D:1      | Reached XP level 1. HP: 16/16 MP: 1/1
   162 | D:1      | You fall into a shaft and drop 1 floor!
   196 | D:2      | Reached XP level 2. HP: 15/22 MP: 2/2
   208 | D:2      | Identified the +0 helmet of Wu Jian {Dex+4}
   208 | D:2      | Noticed Robin
   215 | D:2      | Killed Robin
   216 | D:2      | Reached XP level 3. HP: 15/27 MP: 3/3
   230 | D:2      | Reached skill level 5 in Ranged Weapons
   461 | D:2      | Noticed Natasha
   479 | D:2      | Killed Natasha
   480 | D:2      | Reached XP level 4. HP: 2/33 MP: 4/4
   794 | D:2      | Noticed Natasha
   805 | D:2      | Killed Natasha
   930 | D:2      | Noticed Natasha
   945 | D:2      | Killed Natasha
   946 | D:2      | Reached skill level 6 in Ranged Weapons
   946 | D:2      | Reached XP level 5. HP: 29/38 MP: 5/5
  2178 | D:3      | Noticed Terence
  2196 | D:3      | Slain by Terence

Illustrated notes

Levels and vault maps discovered:
D:1:      tarquinn_simple_flora_water_f, layout_basic, st_stairs_1
D:2:      layout_rooms, nrook_uturn, grunt_decor_one_mirror,
          serial_bayou_crossing, uniq_natasha, uniq_robin
D:3:      layout_rooms, uniq_terence

Skill      XL: |  1  2  3  4 |
---------------+-------------+-----
Ranged Weapons | 5 6 |  6.5
Fighting       | |  2.1
Dodging        | |  1.7
Stealth        | |  1.2

Action                   |  1- 3 |  4- 6 || total
-------------------------+-------+-------++-------
 Fire: Shortbow          |    55 |   127 ||   182
 Abil: Dig               |     2 |       ||     2
Armor: Leather armour    |     8 |    12 ||    20
Dodge: Dodged            |    28 |    42 ||    70
